 Dungeon Crawl Stone Soup version 0.22-a0-570-g58866f5d57 (webtiles) character file.

35 Oirien the Skirmisher (level 3, 0/29 HPs)
             Began as a Demonspawn Fighter on June 30, 2018.
             Slain by an adder (1 damage)
             ... on level 2 of the Dungeon.
             The game lasted 00:03:10 (1076 turns).

Oirien the Skirmisher (Demonspawn Fighter)          Turns: 1076, Time: 00:03:11

Health: 0/29       AC:  8    Str: 17    XL:     3   Next: 17%
Magic:  3/3        EV:  6    Int:  9    God:
Gold:   37         SH:  8    Dex: 12    Spells: 2/2 levels left

rFire    . . .     SeeInvis .   a - +0 war axe
rCold    . . .     Gourm    .   c - +0 shield
rNeg     . . .     Faith    .   b - +0 scale mail
rPois    .         Spirit   .   l - +1 hat
rElec    .         Reflect  .   (no cloak)
rCorr    .         Harm     .   i - +0 pair of gloves
MR       .....                  (no boots)
Stlth    ..........             (no amulet)
HPRegen  0.09/turn              (no ring)
MPRegen  0.08/turn              (no ring)

@: lethally poisoned (0 -> -3)
A: claws 1
a: no special abilities


You were on level 2 of the Dungeon.
You were not hungry.

You visited 1 branch of the dungeon, and saw 2 of its levels.

You collected 37 gold pieces.

Inventory:

Hand Weapons
 a - a +0 war axe (weapon)
Armour
 b - a +0 scale mail (worn)
 c - a +0 shield (worn)
 i - a +0 pair of gloves (worn)
 l - a +1 hat (worn)
Scrolls
 e - a scroll of immolation {unknown}
 k - a scroll of fog {unknown}
 m - a scroll of remove curse {unknown}
Potions
 d - a potion of might
 g - a potion of brilliance {unknown}
 h - a potion of haste {unknown}
Comestibles
 f - a ration
 j - 5 chunks of flesh


   Skills:
 + Level 3.3 Fighting
 * Level 2.5 Axes
 - Level 2.9 Armour
 - Level 2.9 Shields


You had 2 spell levels left.
You didn't know any spells.
Your spell library was empty.

Dungeon Overview and Level Annotations

Branches:
Dungeon (2/15)

Altars:
Dithmenos


Innate Abilities, Weirdness & Mutations

You have sharp fingernails.


Message History

You closely miss the adder.
The adder is almost dead.
You block the adder's attack. The adder barely misses you.
You closely miss the adder.
The adder is almost dead.
You feel sick. You block the adder's attack. The adder bites you.
* * * LOW HITPOINT WARNING * * *
You closely miss the adder.
The adder is almost dead.
The adder bites you.
* * * LOW HITPOINT WARNING * * *
You block the adder's attack.
Your shield and scale mail prevent you from hitting the adder.
The adder is almost dead.
* * * LOW HITPOINT WARNING * * *
You feel sick.
The adder bites you but does no damage. x2
You closely miss the adder.
The adder is almost dead.
You block the adder's attack. The adder bites you.
You die...

.# .# P≈≈≈≈≈≈.≈P♣ .#
≈≈≈≈≈≈≈.≈≈♣ <#
P≈≈≈≈≈≈.≈≈♣♣ .###.##
♣PP≈≈≈.≈≈≈♣ .......
♣≈≈≈≈≈.≈≈≈♣♣♣♣ ....###
#♣ ♣≈≈≈P.≈≈≈≈≈≈♣
###.#####.♣♣≈≈≈≈S≈≈≈≈≈≈≈
# .......#≈♣≈≈≈@≈≈≈≈≈≈P
# ### #...♣PP≈.≈≈≈≈≈P≈ #
#####.#.P≈≈.≈≈≈P≈≈P #
####.....#.#≈≈.♣≈P≈≈≈♣
.##....#####.##...≈P♣≈♣#
.##.##.### #......### #
.........# ###.####
.###.###.# #.# .# #.#
...< ...


You could see an adder.

Vanquished Creatures
  A leopard gecko (D:1)
  3 ball pythons
  6 goblins
  5 hobgoblins (D:1)
  4 jackals (D:1)
  A quokka (D:2)
  4 bats (D:1)
  2 frilled lizards (D:1)
  4 rats
30 creatures vanquished.

Notes
Turn   | Place    | Note
-------+----------+-------------------------------------------
     0 | D:1      | Oirien the Demonspawn Fighter began the quest for the Orb.
     0 | D:1      | Reached XP level 1. HP: 18/18 MP: 1/1
   133 | D:1      | Gained mutation: You have sharp fingernails. [demonic ancestry]
   133 | D:1      | Reached XP level 2. HP: 24/24 MP: 2/2
   785 | D:1      | Reached XP level 3. HP: 29/29 MP: 3/3
  1025 | D:2      | Found a shadowy altar of Dithmenos.
  1074 | D:2      | HP: 1/29 [adder (3)]
  1076 | D:2      | Slain by an adder

Vault maps used:
D:1:      lightli_arrival_maybe_door_vault
D:2:      lemuel_doored_altar, nicolae_overflow_hidden_temple,
          minmay_misc_feat_cross, serial_bayou_lagoon_b, uniq_robin

Skill      XL: |  1  2 |
---------------+-------+-----
Axes           | 2 |  2.5
Fighting       | |  3.3
Armour         | |  2.9
Shields        | |  2.9

Action                   || total
-------------------------++-------
Melee: War axe           ||   114
  Eat: Chunk             ||     1
Armor: Scale mail        ||    67
Dodge: Dodged            ||    39
Block: Shield            ||    63

Table legend:
 A = Spawn XP
 B = Non-spawn XP
 C = Spawn XP percentage of total XP
 D = Spawn monster count
 E = Non-spawn monster count
 F = Spawn count percentage of total count
 G = Total turns spent on level
                    A         B        C        D         E        F      G
               +---------+---------+-------+---------+---------+-------+---------
         Total |       0 |      51 |   0.0 |       0 |      30 |   0.0 |  1076
               +---------+---------+-------+---------+---------+-------+---------
           D:1 |       0 |      43 |   0.0 |       0 |      25 |   0.0 |   936
           D:2 |       0 |       8 |   0.0 |       0 |       5 |   0.0 |   140
               +---------+---------+-------+---------+---------+-------+---------
